 Dungeon Crawl Stone Soup version 0.30-a0-374-g95c0257040 (console) character file.

Game seed: 14827746378333236505

123662 rlgrobin the Spry (level 16, -4/93 HPs)
             Began as a Deep Elf Chaos Knight on Nov 26, 2022.
             Was a Plaything of Xom.
             Drowned by a water elemental (8 damage)
             ... on level 3 of the Elven Halls on Nov 27, 2022.
             The game lasted 02:45:30 (27719 turns).

rlgrobin the Spry (Deep Elf Chaos Knight)          Turns: 27719, Time: 02:45:31

Health: -4/93      AC: 16    Str:  0 (4)  XL:     16   Next: 37%
Magic:  33/36      EV: 14    Int: 21 (27) God:    Xom [....*.]
Gold:   3375       SH:  6    Dex: 18 (20) Spells: 18/43 levels left

rFire   + . .      SeeInvis .    b - +3 short sword (elec)
rCold   + + +      Faith    .    Y - +1 buckler {reflect}
rNeg    . . .      Spirit   .    R - +2 troll leather armour {Snorg}
rPois   .          Reflect  +    (no helmet)
rElec   .          Harm     .    X - +1 cloak {Will+}
rCorr   .          Rampage  .    q - +2 pair of gloves of Compassion {rF+}
Will    ++...      Rage     3%   (no boots)
Stlth   ++++......               J - amulet "Nuotium" {RegenMP rC+++ Str-4 Int+4}
HPRegen 0.00/turn                H - +4 ring of protection
MPRegen 0.65/turn                C - ring of wizardry

@: engulfed (cannot breathe), inhibited regen, slowed, lost strength, very slow
A: agile 1, berserk 1, deterioration 2, mutation resistance 1, screaming 1,
shaggy fur 1, wild magic 1, MP-powered wands
a: Renounce Religion


You were on level 3 of the Elven Halls.
You worshipped Xom.
You were a beloved toy of Xom.
You visited 6 branches of the dungeon, and saw 28 of its levels.
You also visited: Ice Cave.

You collected 4194 gold pieces.
You spent 819 gold pieces at shops.

Inventory:

Hand Weapons
 a - a +0 short sword of chaos
 b - a +3 short sword of electrocution (weapon)
 r - a +0 hand axe of pain
 y - the +1 shortbow of the Destroying Gods {freeze, rF++ rC+++ rCorr Stlth-}
   (You found it on level 4 of the Dungeon)

   Any ammunition fired from it freezes those it strikes, dealing additional
   cold damage.
   It can also slow down cold-blooded creatures.
   rF:        It greatly protects you from fire.
   rC:        It renders you almost immune to cold.
   rCorr:     It protects you from acid and corrosion.
   Stlth:     It makes you less stealthy.
Missiles
 i - 220 stones
 l - 7 throwing nets
 t - 30 poisoned darts (quivered)
 E - 6 atropa-tipped darts
 U - 6 curare-tipped darts
Armour
 q - the +2 pair of gloves of Compassion (worn) {rF+}
   (You acquired it on level 9 of the Dungeon)

   rF:        It protects you from fire.
 B - a +2 robe of fire resistance
 R - a +2 troll leather armour (worn) {Snorg}
 X - a +1 cloak of willpower (worn)
 Y - a +1 buckler of reflection (worn)
Jewellery
 d - a ring of magical power
 C - a ring of wizardry (right hand)
 D - a ring of see invisible
 H - a +4 ring of protection (left hand)
 J - the amulet "Nuotium" (around neck) {RegenMP rC+++ Str-4 Int+4}
   (Xom gifted it to you on level 6 of the Dungeon)

   [amulet of magic regeneration]

   It increases your rate of magic regeneration.
   Str:       It affects your strength (-4).
   Int:       It affects your intelligence (+4).
   rC:        It renders you almost immune to cold.
 N - the amulet of the Air {Inacc Air Fly rElec RMsl}
   (You found it on level 9 of the Dungeon)

   [amulet of nothing]

   It reduces the accuracy of all your attacks.
   It enhances your air magic.
   rElec:     It insulates you from electricity.
   Fly:       It grants you flight.
   RMsl:      It protects you from missiles.
 O - an amulet of the acrobat
 P - a ring of ice
 Q - a ring of poison resistance
 S - a +6 ring of strength
 V - an amulet of regeneration
Wands
 j - a wand of flame (44)
 w - a wand of polymorph (19)
 A - a wand of roots (18)
 W - a wand of digging (5)
Scrolls
 e - 6 scrolls of blinking
 f - 4 scrolls of amnesia
 g - a scroll of magic mapping
 h - 14 scrolls of identify
 k - 3 scrolls of enchant armour
 n - a scroll of poison
 p - 4 scrolls of fear
 s - 2 scrolls of teleportation
 u - 8 scrolls of enchant weapon
 x - 3 scrolls of butterflies
Potions
 m - 4 potions of brilliance
 o - 9 potions of curing
 v - a potion of cancellation
 z - 3 potions of flight
 F - a potion of ambrosia
 I - 7 potions of haste
 K - 3 potions of attraction
 L - 2 potions of berserk rage
 M - 2 potions of might
Miscellaneous
 c - a piece from Xom's chessboard (15/15)
 T - a tin of tremorstones (2/2)


   Skills:
 - Level 8.0 Fighting
 - Level 11.4 Short Blades
 - Level 2.3 Armour
 - Level 17.0 Dodging
 - Level 7.6 Stealth
 - Level 3.5 Shields
 - Level 14.0 Spellcasting
 + Level 14.8 Conjurations
 - Level 5.9 Hexes
 - Level 6.0 Ice Magic
 - Level 8.4 Poison Magic
 - Level 8.0 Evocations


You had 18 spell levels left.
You knew the following spells:

 Your Spells              Type           Power      Damage    Failure   Level
a - Frozen Ramparts       Ice            100%       1d16      3%          3
b - Fulminant Prism       Conj/Hex       33%        3d15      2%          4
c - Olgreb's Toxic Radia  Pois           60%        N/A       4%          4
d - Mephitic Cloud        Conj/Pois/Air  57%        N/A       1%          3
e - Sticky Flame          Conj/Fire      56%        2d7       6%          4
f - Orb of Destruction    Conj           39%        9d11      21%         7

Your spell library contained the following spells:

 Spells                   Type           Power      Damage    Failure   Level
 Magic Dart               Conj           100%       1d8       1%          1
 Shock                    Conj/Air       100%       1d9       1%          1
 Searing Ray              Conj           100%       2d8       1%          2
 Dazzling Flash           Conj/Hex       100%       N/A       1%          3
 Iskenderun's Battlesphe  Conj           79%        2d13      1%          5
 Sting                    Tmut/Pois      100%       1d8       2%          1
 Poisonous Vapours        Pois/Air       84%        N/A       3%          2
 Cigotuvi's Dreadful Rot  Necr/Pois/Air  68%        N/A       6%          2
 Flame Wave               Conj/Fire      56%        2d13      6%          4
 Iskenderun's Mystic Bla  Conj/Tloc      56%        2d12      6%          4
 Inner Flame              Hex/Fire       35%        N/A       11%         3
 Call Imp                 Summ           19%        N/A       16%         2
 Fireball                 Conj/Fire      28%        3d12      16%         5
 Irradiate                Conj/Tmut      28%        3d21      16%         5
 Swiftness                Air            19%        N/A       30%         3
 Ice Form                 Ice/Tmut       35%        N/A       30%         4
 Summon Ice Beast         Ice/Summ       35%        N/A       30%         4
 Conjure Ball Lightning   Conj/Air       28%        3x3d9     56%         6
 Iron Shot                Conj/Erth      28%        9d6       56%         6
 Starburst                Conj/Fire      28%        6d9       56%         6
 Airstrike                Air            9%         2d(2-18)  65%         4
 Animate Armour           Summ/Erth      38%        N/A       65%         4
 Blade Hands              Tmut           9%         N/A       92%         5
 Dragon Form              Tmut           9%         N/A       100%        7


Dungeon Overview and Level Annotations

Branches:
Dungeon (15/15)            Temple (1/1) D:5            Lair (5/5) D:10
  Swamp (0/4) Lair:2       Spider (2/4) Lair:2        Slime (0/5) Lair:5
    Orc (2/2) D:9             Elf (3/3) Orc:2        Vaults (0/5) D:14
  IceCv (visited)
 Depths: D:15

Altars:
Ashenzari
Cheibriados
Dithmenos
Elyvilon
Fedhas
Gozag
Hepliaklqana
Kikubaaqudgha
Makhleb
Nemelex Xobeh
Okawaru
Qazlal
Ru
Sif Muna
Trog
Uskayaw
Vehumet
Wu Jian
Xom
Yredelemnul
Zin
The Shining One
Jiyva

Shops:
D:6 *   D:7 ?(*   Orc:2 !(*:   Elf:2 =

Annotations:
D:4 exclusions: orc, orc priest, orc warrior, orc wizard and sensed monster (detected)
D:14 Frances; Louise
Spider:1 1 transporter
Orc:2 2 transporters, MCDelver's ghost, journeyman OpFE
Elf:2 5 runed translucent doors


Innate Abilities, Weirdness & Mutations

You are agile. (Dex +4, Str/Int -1)
You sometimes lose your temper in combat.
Your body often deteriorates upon taking damage.
You are somewhat resistant to further mutation.
You occasionally shout uncontrollably at your foes.
You are covered in fur. (AC +1)
Your spells are a little harder to cast, but a little more powerful.
You expend magic power (3 MP) to strengthen your wands.


Message History

The sixfirhy hits you but does no damage.
The soul eater draws from the surrounding life force! "Serve the mortal, my children!"
You swap places.
Found 18 gold pieces.
Your surroundings seem slightly different.
The deep elf zephyrmancer shouts!
The water elemental hits you.
The water elemental engulfs you in water!
You barely miss the water elemental.
Your lungs strain for air!
The water elemental misses you.
You slip free of the water engulfing you.
The water elemental attacks as you move away!
The water elemental hits you!
* * * LOW HITPOINT WARNING * * *
Your body deteriorates!
You feel weakened.
You have lost your strength.
You gasp with relief as air once again reaches your lungs.
The deep elf knight shouts!
Your crimson imp blinks!
The deep elf pyromancer shouts!
The water elemental hits you!
* * * LOW HITPOINT WARNING * * *
The water elemental hits you!
* * * LOW HITPOINT WARNING * * *
Xom roars with laughter!
The water elemental engulfs you in water!
A deep elf pyromancer breaks down the door.
A +1 battleaxe of electrocution comes into view.
You can move again.
You cannot read scrolls while unable to breathe!
Aiming: Bolt of Light
Press: ? - help, Shift-Dir - straight line, f - water elemental
Aim: a water elemental (85% to hit)
You feel a surge of power!
The bolt of light hits the water elemental!!
The water elemental is heavily damaged.
The deep elf knight shouts!
The deep elf pyromancer shouts!
The now-empty wand crumbles to dust.
You die...
Xom thinks this is hilarious!

)3..oo...., , , ,, ,,, ,,, ,
....o..).., ,,, ,,,,, , , ,
#################### ** +* *
.................... ,, ,,
,, .......43..4555....., ,,,
, , ....3....5555555....,,
,,,
#######+#######+#########* *
,, ,
,.....,................,,,
+,
,,..............@E.......,,,
*, ,
...................$..... ,
,,
........................., ,
....,, ,,................,
*, , *+ ****
*#######'######## ** , ,, ,,
, , ....eee, , , , , ,
,,,,,,,, ......e..,,,,,,, ,
,, , ,,,, .....e....( ,, ,
,,, * **** ** ****+ * * *


You could see 2 deep elf knights, a rust devil (summoned), a water elemental, 2
deep elf pyromancers, a deep elf zephyrmancer, a +1 battleaxe of electrocution,
a friendly iron imp (summoned), a friendly quasit (summoned), 2 friendly crimson
imps, a friendly white imp (summoned) and a friendly ufetubus (summoned).

Vanquished Creatures
  Kirke (D:12)
  A ghost moth (Spider:1)
  A deep elf elementalist (Elf:2)
  Snorg (D:14)
  Fannar (D:11)
  2 hydras
  An ice dragon (IceCv)
  An entropy weaver (Spider:1)
  5 centaur warriors
  An ogre mage (D:14)
  11 dancing weapons
  6 boulder beetles
  4 death yaks
  A two-headed ogre (D:14)
  An orc high priest (Orc:2)
  A tengu warrior (D:14)
  Urug (Orc:2)
  A fire crab (Lair:5)
  8 deep elf knights
  A skeletal warrior (D:14)
  2 bog bodies (Lair:2)
  A deep elf archer (Elf:2)
  4 orc knights
  4 deep elf zephyrmancers
  3 wolf spider zombies (D:14)
  8 deep elf pyromancers
  An oklob plant (Lair:1)
  2 manticores
  21 ugly things
  3 wolf spiders
  A cyclops (D:13)
  4 orc sorcerers (Orc:2)
  A moth of wrath (shapeshifter) (Elf:1)
  3 elephants (Lair:5)
  Maurice (Orc:1)
  2 ice statues (IceCv)
  6 centaur zombies (D:14)
  10 black mambas
  2 gargoyles (D:12)
  12 cane toads
  A guardian serpent (Lair:5)
  2 kobold demonologists (D:12)
  5 rime drakes
  7 komodo dragons
  2 unseen horrors
  An efreet (D:14)
  A komodo dragon (shapeshifter) (D:14)
  A tengu conjurer (D:13)
  10 trolls
  4 meliai
  A harpy zombie (D:14)
  12 polar bears
  6 hornets
  5 tarantellas
  12 blink frogs
  A hornet (shapeshifter) (D:13)
  3 raiju (Lair:5)
  8 slime creatures
  A tarantella (shapeshifter) (Elf:1)
  4 meliai zombies (D:14)
  82 yaks
  7 jumping spiders (Spider:1)
  An air elemental (Elf:2)
  4 vampires (D:14)
  9 basilisks
  4 wraiths
  19 wyverns
  2 shadows
  2 hogs (D:12)
  2 water elementals
  A human (D:12)
  12 redbacks
  2 steam dragons (D:8)
  2 vampire mosquitoes (D:12)
  6 wargs
  2 acid dragons
  A death yak simulacrum (D:12)
  A swamp worm (D:10)
  18 water moccasins
  11 hell hounds (Lair:5)
  14 black bears
  A hornet zombie (D:14)
  2 sky beasts
  6 ice beasts
  28 orc warriors
  8 ogres
  5 centaurs (D:13)
  22 wolves
  A kobold brigand (D:8)
  2 necrophages
  10 bullfrogs
  7 scorpions
  4 gnoll sergeants
  5 wights (D:6)
  A lindwurm simulacrum (IceCv)
  An elephant simulacrum (D:12)
  10 killer bees
  9 electric eels
  A crimson imp (D:6)
  9 howler monkeys
  7 hounds
  4 komodo dragon simulacra (IceCv)
  29 orc priests
  14 jellies
  5 gnoll boudas
  A boggart zombie (D:14)
  3 iguanas
  35 orc wizards
  9 hell rats
  4 troll simulacra (D:12)
  A spriggan simulacrum (D:12)
  A human simulacrum (D:10)
  28 gnolls
  10 acid dragon simulacra (IceCv)
  5 adders
  A river rat (Orc:2)
  A naga simulacrum (D:12)
  A white imp (D:6)
  2 ufetubi
  6 steam dragon simulacra (IceCv)
  2 worms
  3 dart slugs (D:2)
  81 orcs
  2 ball pythons
  6 bats
  11 endoplasms
  3 giant cockroaches (D:3)
  5 hobgoblins
  6 jackals (D:5)
  21 kobolds
  4 quokkas
  3 frilled lizards
  8 goblins
  7 rats
891 creatures vanquished.

Vanquished Creatures (collateral kills)
  A dancing weapon (Elf:2)
  A black mamba (Lair:1)
  A cane toad (Lair:1)
  A komodo dragon (Lair:1)
  6 yaks (Lair:2)
  A wyvern (Lair:5)
  A fire elemental (Elf:2)
  A basilisk (Lair:1)
  A hound (D:5)
  A gnoll (D:3)
  An orc (D:9)
  A jackal (D:5)
17 creatures vanquished.

Vanquished Creatures (others)
  A steelbarb worm (Spider:1)
  A demonic crawler (Spider:1)
  A yak (Lair:2)
  A human (D:12)
  2 orc priests
  An orc wizard (D:3)
  A human simulacrum (D:10)
  A gnoll (D:5)
  An orc (Orc:2)
  A frilled lizard zombie (D:3)
  29 fulminant prisms
  31 fungi
  92 plants
  15 withered plants (D:14)
178 creatures vanquished.

Grand Total: 1086 creatures vanquished

Notes
Turn   | Place    | Note
-------+----------+-------------------------------------------
     0 | D:1      | rlgrobin the Deep Elf Chaos Knight began the quest for the
                  | Orb.
     0 | D:1      | Reached XP level 1. HP: 13/13 MP: 3/3
   106 | D:1      | XOM: potion effect (curing)
   110 | D:1      | XOM: silly message
   119 | D:1      | XOM: silly message
   170 | D:1      | Reached skill level 1 in Stealth
   194 | D:1      | XOM: butterfly on damage
   195 | D:1      | XOM: silly message
   241 | D:1      | XOM: butterfly on damage
   259 | D:1      | XOM: silly message
   297 | D:1      | Reached XP level 2. HP: 18/18 MP: 4/4
   740 | D:1      | XOM: cloud trail
   898 | D:2      | XOM: butterfly on damage
   898 | D:2      | XOM: smoke on damage
  1120 | D:2      | XOM: smoke on damage
  1128 | D:2      | Reached XP level 3. HP: 15/22 MP: 5/5
  1160 | D:2      | Found a faded altar of an unknown god.
  1315 | D:2      | XOM: torment (12/22 hp)
  1417 | D:2      | XOM: 1-stop teleportation journey
  2318 | D:3      | XOM: torment (12/22 hp)
  2366 | D:3      | Noticed a scorpion
  2392 | D:3      | XOM: confuse monster(s)
  2399 | D:3      | Killed a scorpion
  2400 | D:3      | Reached XP level 4. HP: 17/27 MP: 6/6
  2524 | D:3      | Found an ancient bone altar of Kikubaaqudgha.
  2525 | D:3      | Found a burning altar of Makhleb.
  2643 | D:3      | XOM: god gift: scroll labelled MEINNUCU YDWO {god gift}
  2665 | D:3      | XOM: summons friendly quasit
  2676 | D:3      | Reached XP level 5. HP: 31/31 MP: 7/7
  3242 | D:2      | XOM: give mutations
  3242 | D:2      | Gained mutation: Your flesh is heat resistant. (rF+) [Xom's
                  | grace]
  3242 | D:2      | Gained mutation: You have sharp toenails. [Xom's grace]
  3242 | D:2      | Gained mutation: Your natural rate of healing is unusually
                  | fast. [Xom's grace]
  3242 | D:2      | Gained mutation: You are covered in fur. (AC +1) [Xom's
                  | grace]
  3284 | D:2      | Reached skill level 5 in Short Blades
  3307 | D:3      | XOM: scenery: create altars
  3399 | D:3      | XOM: destruction
  3517 | D:4      | Noticed an orc warrior
  3679 | D:4      | Identified the +1 shortbow of the Destroying Gods {freeze,
                  | rF++ rC+++ rCorr Stlth-}
  3735 | D:4      | Reached XP level 6. HP: 36/36 MP: 8/8
  3751 | D:4      | XOM: god gift: 46 gold pieces
  3753 | D:4      | Reached skill level 3 in Dodging
  4433 | D:4      | XOM: god gift: robe {god gift}
  4521 | D:4      | XOM: divination: detect creatures
  4677 | D:5      | Entered Level 5 of the Dungeon
  4687 | D:5      | Reached skill level 4 in Dodging
  4787 | D:5      | Reached skill level 5 in Dodging
  4821 | D:5      | Found a staircase to the Ecumenical Temple.
  4828 | D:5      | XOM: divination: detect creatures
  4842 | D:5      | Reached XP level 7. HP: 40/40 MP: 9/9
  4860 | Temple   | Entered the Ecumenical Temple
  5105 | D:5      | XOM: scenery: summon butterflies
  5340 | D:5      | Reached skill level 5 in Stealth
  5554 | D:5      | Reached XP level 8. HP: 9/45 MP: 10/10
  5607 | D:5      | Learned a level 3 spell: Frozen Ramparts
  5660 | D:5      | XOM: destruction
  5666 | D:5      | XOM: cleaving
  5672 | D:5      | Reached skill level 1 in Spellcasting
  5703 | D:5      | Reached skill level 1 in Ice Magic
  5876 | D:5      | XOM: summons friendly white imp
  6085 | D:6      | XOM: cast spell 'Death Channel'
  6241 | D:6      | Reached skill level 5 in Spellcasting
  6544 | D:6      | XOM: smoke on damage
  6686 | D:6      | Found a shadowy altar of Dithmenos.
  6814 | D:6      | XOM: enchant monster (good)
  6818 | D:6      | Noticed a troll
  6825 | D:6      | XOM: summons 4 friendly demons
  6833 | D:6      | XOM: scenery: summon butterflies
  6953 | D:6      | Reached XP level 9. HP: 43/49 MP: 21/21
  6987 | D:6      | Learned a level 4 spell: Fulminant Prism
  6999 | D:6      | XOM: fake destruction
  7002 | D:6      | Found Wenebrur's General Store.
  7003 | D:6      | XOM: scenery: summon butterflies
  7096 | D:6      | Killed a troll
  7119 | D:6      | XOM is BORED!
  7123 | D:6      | Bought a potion of heal wounds for 70 gold pieces
  7141 | D:6      | a yak changed into a cane toad
  7141 | D:6      | Noticed a cane toad
  7141 | D:6      | XOM: polymorph yak -> cane toad
  7142 | D:6      | XOM: cleaving
  7146 | D:6      | Killed a cane toad
  7147 | D:6      | Reached skill level 5 in Hexes
  7362 | D:6      | XOM: fog
  7379 | D:6      | Identified the amulet "Nuotium" {RegenMP rC+++ Str-4 Int+4}
                  | (Xom gifted it to you on level 6 of the Dungeon)
  7379 | D:6      | XOM: god gift: amulet "Nuotium" {RegenMP rC+++ Str-4 Int+4}
  7390 | D:6      | Reached skill level 6 in Dodging
  7398 | D:6      | XOM: give mutations
  7398 | D:6      | Gained mutation: You have razor-sharp toenails. [Xom's
                  | grace]
  7398 | D:6      | Gained mutation: Your muscles are strong. (Str +4, Int/Dex
                  | -1) [Xom's grace]
  7494 | D:7      | Found Niamaf's Magic Scroll Emporium.
  7502 | D:7      | Bought a scroll of noise for 15 gold pieces
  7502 | D:7      | Bought a scroll of blinking for 112 gold pieces
  7549 | D:7      | Found Beby's Assorted Antiques.
  7634 | D:7      | Learned a level 4 spell: Olgreb's Toxic Radiance
  7692 | D:7      | XOM: god gift: runed spear {god gift}
  7781 | D:7      | Reached skill level 1 in Poison Magic
  7901 | D:7      | Reached XP level 10. HP: 54/54 MP: 22/22
  7958 | D:7      | XOM: 1-stop teleportation journey
  7976 | D:7      | Found Ybrugas's Weapon Shop.
  8002 | D:7      | XOM: enchant monster (bad)
  8158 | D:7      | XOM: confuse monster(s)
  8567 | D:7      | XOM: fog
  8572 | D:7      | Reached skill level 5 in Poison Magic
  8575 | D:7      | XOM: give mutations
  8575 | D:7      | Gained mutation: You have hidden genetic potential. [Xom's
                  | grace]
  8575 | D:7      | Gained mutation: You are agile. (Dex +4, Str/Int -1) [Xom's
                  | grace]
  8575 | D:7      | Gained mutation: Your muscles are very strong. (Str +8,
                  | Int/Dex -2) [Xom's grace]
  8586 | D:7      | XOM: give mutations
  8586 | D:7      | Gained mutation: You are very agile. (Dex +8, Str/Int -2)
                  | [Xom's grace]
  8586 | D:7      | Gained mutation: You possess an exceptional clarity of
                  | mind. [Xom's grace]
  8627 | D:8      | XOM: noise
  8745 | D:8      | Learned a level 3 spell: Mephitic Cloud
  8818 | D:8      | XOM: divination: detect items
  8846 | D:8      | XOM: god gift: 40 gold pieces
  8915 | D:8      | XOM: give mutations
  8915 | D:8      | Gained mutation: You have a pair of small horns on your
                  | head. [Xom's grace]
  8915 | D:8      | Lost mutation: You have hidden genetic potential. [Xom's
                  | grace]
  8915 | D:8      | Gained mutation: You are somewhat resistant to further
                  | mutation. [Xom's grace]
  8932 | D:8      | Reached skill level 7 in Dodging
  9123 | D:8      | Identified the +6 trident "Sianom" {drain, Fly rPois rC-
                  | Will++} (Xom gifted it to you on level 8 of the Dungeon)
  9123 | D:8      | XOM: god gift: +6 trident "Sianom" {chaos, Fly rPois rC-
                  | Will++}
  9418 | D:8      | XOM: give mutations
  9418 | D:8      | Gained mutation: You have claws for feet. [Xom's grace]
  9418 | D:8      | Gained mutation: You expend magic power (3 MP) to
                  | strengthen your wands. [Xom's grace]
  9418 | D:8      | Gained mutation: You have a pair of horns on your head.
                  | [Xom's grace]
  9418 | D:8      | Gained mutation: Your spells are a little harder to cast,
                  | but a little more powerful. [Xom's grace]
  9476 | D:8      | XOM: god gift: javelin
  9559 | D:8      | XOM: smoke on damage
  9604 | D:9      | Reached skill level 8 in Dodging
  9614 | D:9      | Found the amulet of the Air {Inacc Air Fly rElec RMsl}
  9620 | D:9      | XOM: scenery: 3 doors open
  9694 | D:9      | XOM: scenery: summon butterflies
  9715 | D:9      | Reached skill level 9 in Dodging
  9738 | D:9      | XOM: scenery: summon butterflies
  9777 | D:9      | XOM: summons 10 friendly demons
  9787 | D:9      | XOM: summons friendly white imp
  9793 | D:9      | Reached skill level 10 in Spellcasting
  9793 | D:9      | XOM: fog
  9804 | D:9      | Reached XP level 11. HP: 58/58 MP: 20/27
 10589 | D:9      | Found a staircase to the Orcish Mines.
 10589 | D:9      | XOM: cast spell 'Statue Form'
 10731 | D:9      | Identified 2 scrolls of acquirement
 10731 | D:9      | Acquired the +2 pair of gloves of Compassion {rF+}
 10744 | D:9      | Acquired 714 gold pieces
 10781 | D:10     | Entered Level 10 of the Dungeon
 10927 | D:10     | Found a staircase to the Lair.
 11009 | D:10     | XOM: noise
 11040 | D:10     | XOM: enchant monster (good)
 11057 | D:10     | XOM: silly message
 11069 | D:10     | Noticed a two-headed ogre
 11075 | D:10     | a two-headed ogre changed into a swamp worm
 11075 | D:10     | XOM: polymorph two-headed ogre -> swamp worm
 11307 | D:10     | XOM: summons 11 friendly demons
 11785 | Lair:1   | Entered Level 1 of the Lair of Beasts
 11843 | Lair:1   | XOM: blink monster(s)
 12028 | Lair:1   | XOM: summons 11 friendly demons
 12051 | Lair:1   | Reached skill level 10 in Dodging
 12218 | Lair:1   | XOM: summons 11 friendly demons
 12254 | Lair:1   | Noticed an oklob plant
 12278 | Lair:1   | XOM: fog
 12291 | Lair:1   | XOM: cast spell 'Death Channel'
 12292 | Lair:1   | XOM: blink monster(s)
 12303 | Lair:1   | Killed an oklob plant
 12304 | Lair:1   | Reached skill level 11 in Dodging
 12304 | Lair:1   | Reached XP level 12. HP: 67/67 MP: 20/30
 12575 | Lair:1   | XOM: give mutations
 12575 | Lair:1   | Lost mutation: You are somewhat resistant to further
                  | mutation. [Xom's mischief]
 12575 | Lair:1   | Lost mutation: You have claws for feet. [Xom's mischief]
 12575 | Lair:1   | Lost mutation: You have razor-sharp toenails. [Xom's
                  | mischief]
 12604 | Lair:1   | XOM: noise
 12644 | Lair:1   | XOM is BORED!
 12692 | Lair:2   | Found a broken altar of Ashenzari.
 12713 | Lair:2   | XOM: scenery: 3 doors open
 12722 | Lair:2   | Reached skill level 5 in Conjurations
 12746 | Lair:2   | Reached skill level 5 in Fighting
 12753 | Lair:2   | XOM: fog
 12780 | Lair:2   | Identified the +4 mace of the Mind {drain, Contam Fly rC++
                  | Str+2}
 12818 | Lair:2   | XOM: cast spell 'Summon Hydra'
 12840 | Lair:2   | XOM: divine lightning
 12889 | Lair:2   | Found a staircase to the Swamp.
 12963 | Lair:2   | XOM: enchant monster (good)
 12964 | Lair:2   | XOM: snakes to sticks
 13009 | Lair:2   | Noticed a boulder beetle
 13027 | Lair:2   | Killed a boulder beetle
 13354 | Lair:2   | Found a hole to the Spider Nest.
 13482 | Lair:2   | XOM: give mutations
 13482 | Lair:2   | Lost mutation: You are very agile. (Dex +8, Str/Int -2)
                  | [Xom's mischief]
 13482 | Lair:2   | Lost mutation: You have a pair of horns on your head.
                  | [Xom's mischief]
 13482 | Lair:2   | Lost mutation: You have sharp toenails. [Xom's mischief]
 13684 | Lair:2   | XOM: silly message
 13730 | Lair:2   | XOM: potion effect (invisibility)
 13759 | Lair:2   | XOM: summons 7 hostile demons
 13849 | Lair:3   | XOM: divination: detect items
 13901 | Lair:3   | XOM: silly message
 14001 | Lair:3   | Noticed a death yak
 14032 | Lair:3   | XOM: divination: magic mapping
 14050 | Lair:3   | XOM: divination: detect items
 14062 | Lair:3   | XOM: potion effect (brilliance)
 14063 | Lair:3   | XOM: summons 3 hostile shadow creatures
 14075 | Lair:3   | XOM: silly message
 14106 | Lair:3   | Reached skill level 10 in Short Blades
 14109 | Lair:3   | Reached XP level 13. HP: 60/78 MP: 27/31
 14122 | Lair:3   | XOM: divination: magic mapping
 14768 | Lair:4   | XOM: polymorph yak -> something unseen
 14770 | Lair:4   | Reached skill level 5 in Evocations
 14806 | Lair:4   | XOM: silly message
 14887 | Lair:4   | Lost mutation: Your muscles are very strong. (Str +8,
                  | Int/Dex -2) [potion of mutation]
 14887 | Lair:4   | Lost mutation: Your spells are a little harder to cast, but
                  | a little more powerful. [potion of mutation]
 14887 | Lair:4   | Gained mutation: Your body sometimes deteriorates upon
                  | taking damage. [potion of mutation]
 14953 | Lair:4   | XOM: summons friendly iron imp
 15955 | Lair:4   | XOM: silly message
 15981 | Lair:5   | Entered Level 5 of the Lair of Beasts
 16035 | Lair:5   | XOM: noise
 16077 | Lair:5   | XOM: divination: detect items
 16121 | Lair:5   | XOM: snakes to sticks
 16125 | Lair:5   | Found a staircase to the Slime Pits.
 16125 | Lair:5   | Found a viscous altar of Jiyva.
 16280 | Lair:5   | XOM: divination: magic mapping
 16332 | Lair:5   | XOM: confuse monster(s)
 16346 | Lair:5   | XOM: noise
 16348 | Lair:5   | XOM: noise
 16409 | Lair:5   | XOM: summons 5 friendly demons
 16539 | Lair:5   | Reached skill level 12 in Dodging
 16547 | Lair:5   | XOM: summons 7 hostile demons
 16661 | Lair:5   | XOM: polymorph warg -> ogre
 16725 | Lair:5   | Reached XP level 14. HP: 83/84 MP: 26/34
 16789 | Lair:5   | XOM: enchant monster (bad)
 16822 | Lair:5   | Reached skill level 13 in Dodging
 17002 | Lair:5   | Reached skill level 14 in Dodging
 17013 | Lair:5   | XOM: scenery: summon butterflies
 17058 | Lair:5   | XOM: noise
 17106 | Lair:5   | XOM: noise
 17111 | Lair:5   | XOM: silly message
 17138 | Lair:5   | Reached skill level 5 in Ice Magic
 17157 | Lair:5   | XOM: polymorph raiju -> meliai
 17345 | Lair:5   | XOM: silly message
 17886 | D:11     | Found a blossoming altar of Fedhas.
 18093 | D:11     | XOM: confuse monster(s)
 18094 | D:11     | XOM: silly message
 18098 | D:11     | XOM: potion effect (haste)
 18246 | D:11     | XOM: cast spell 'Summon Ice Beast'
 18365 | D:11     | Noticed Fannar
 18376 | D:11     | Killed Fannar
 18436 | D:12     | Found a frozen archway.
 18505 | IceCv    | Entered an ice cave
 19456 | D:12     | Noticed Kirke
 19469 | D:12     | XOM: potion effect (curing)
 19470 | D:12     | XOM: divination: detect creatures
 19475 | D:12     | Killed Kirke
 19557 | D:12     | XOM: potion effect (invisibility)
 19603 | D:12     | You fall into a shaft and drop 3 floors!
 19603 | D:15     | Entered Level 15 of the Dungeon
 19635 | D:15     | XOM: enchant monster (bad)
 19644 | D:15     | XOM: potion effect (haste)
 19762 | D:14     | XOM: cleaving
 19770 | D:14     | XOM: enchant monster (good)
 19795 | D:14     | Reached skill level 10 in Conjurations
 19808 | D:14     | XOM: confuse monster(s)
 19860 | D:14     | XOM: cast spell 'Olgreb's Toxic Radiance'
 19881 | D:14     | XOM: cast spell 'Chain of Chaos'
 19897 | D:14     | XOM: silly message
 19928 | D:14     | XOM: noise
 20111 | D:14     | Noticed Snorg
 20129 | D:14     | Killed Snorg
 20200 | D:14     | Reached skill level 1 in Armour
 20243 | D:14     | XOM: 1-stop teleportation journey
 20297 | D:14     | XOM: potion effect (haste)
 20336 | D:14     | Noticed Frances
 20451 | D:14     | Reached XP level 15. HP: 77/88 MP: 26/35
 20559 | D:14     | Found a gate to the Vaults.
 20588 | D:14     | XOM: fog
 20652 | D:13     | Reached skill level 15 in Dodging
 20965 | D:13     | XOM: torment (45/88 hp)
 21191 | D:13     | Found the +7 great mace "Firestarter" {inner flame, rF++}
 21502 | D:13     | XOM: silly message
 21517 | D:13     | XOM: divination: detect creatures
 21737 | D:13     | XOM: cloud trail
 21972 | D:12     | XOM: summons 1 hostile shadow creature
 22267 | D:12     | XOM: scenery: create altars
 22380 | D:12     | XOM: scenery: create altars
 22415 | D:12     | XOM: divination: detect items
 22518 | D:12     | XOM: divination: detect creatures
 22530 | D:11     | XOM: give mutations
 22530 | D:11     | Lost mutation: Your flesh is heat resistant. (rF+) [Xom's
                  | mischief]
 22530 | D:11     | Gained mutation: Armour fits poorly on your strangely
                  | shaped body. [Xom's mischief]
 22595 | Orc:1    | Entered Level 1 of the Orcish Mines
 22603 | Orc:1    | XOM: noise
 22622 | Orc:1    | XOM: fog
 22624 | Orc:1    | XOM: summons 1 hostile shadow creature
 22644 | Orc:1    | Noticed Maurice
 22664 | Orc:1    | Killed Maurice
 22674 | Orc:1    | XOM: give mutations
 22674 | Orc:1    | Lost mutation: Your muscles are strong. (Str +4, Int/Dex
                  | -1) [Xom's mischief]
 22674 | Orc:1    | Lost mutation: You possess an exceptional clarity of mind.
                  | [Xom's mischief]
 22674 | Orc:1    | Gained mutation: You are dopey. (Int -2) [Xom's mischief]
 22931 | Orc:1    | XOM: noise
 23070 | Orc:2    | Entered Level 2 of the Orcish Mines
 23092 | Orc:2    | XOM: polymorph warg -> black bear
 23093 | Orc:2    | Reached skill level 16 in Dodging
 23177 | Orc:2    | XOM: blink monster(s)
 23232 | Orc:2    | Found a transporter.
 23262 | Orc:2    | XOM: give mutation
 23262 | Orc:2    | Lost mutation: You are dopey. (Int -2) [Xom's mischief]
 23285 | Orc:2    | Found a transporter.
 23287 | Orc:2    | Noticed MCDelver's ghost (journeyman OpFE)
 23289 | Orc:2    | Found a bloodstained altar of Trog.
 23351 | Orc:2    | XOM: polymorph orc wizard -> river rat
 23356 | Orc:2    | XOM: god gift: scroll of fear
 23360 | Orc:2    | Noticed Urug
 23383 | Orc:2    | Killed Urug
 23549 | Orc:2    | XOM: potion effect (might)
 23719 | Orc:2    | Reached skill level 17 in Dodging
 23760 | Orc:2    | Found Ziar's Distillery.
 23760 | Orc:2    | Found Irabaw's General Store.
 23761 | Orc:2    | Found Madakheekh's Book Shop.
 23765 | Orc:2    | Found Juism's Weapon Boutique.
 23768 | Orc:2    | Bought a potion of heal wounds for 60 gold pieces
 23771 | Orc:2    | Bought a +1 buckler of reflection for 202 gold pieces
 23803 | Orc:2    | XOM: silly message
 23838 | Orc:2    | Found a staircase to the Elven Halls.
 24233 | D:14     | Noticed Louise
 24241 | D:14     | XOM: noise
 24256 | D:14     | Reached skill level 1 in Shields
 24287 | D:14     | XOM: destruction
 24302 | D:14     | XOM: give mutations
 24302 | D:14     | Lost mutation: Armour fits poorly on your strangely shaped
                  | body. [Xom's mischief]
 24302 | D:14     | Lost mutation: You expend magic power (3 MP) to strengthen
                  | your wands. [Xom's mischief]
 24302 | D:14     | Gained mutation: Your body often deteriorates upon taking
                  | damage. [Xom's mischief]
 24303 | D:14     | XOM: swap monsters
 24314 | D:14     | XOM: noise
 24326 | D:14     | XOM: silly message
 24545 | D:14     | XOM: summons 8 hostile demons
 24812 | Spider:1 | Entered Level 1 of the Spider Nest
 24835 | Spider:1 | XOM: blink monster(s)
 24843 | Spider:1 | Noticed an emperor scorpion
 24843 | Spider:1 | Noticed an emperor scorpion
 24844 | Spider:1 | an emperor scorpion changed into a shapeshifter
 24844 | Spider:1 | XOM: polymorph emperor scorpion -> shapeshifter
 24851 | Spider:1 | Found a transporter.
 24910 | Spider:2 | XOM: give mutations
 24910 | Spider:2 | Gained mutation: You occasionally shout uncontrollably at
                  | your foes. [Xom's mischief]
 24910 | Spider:2 | Gained mutation: Your spells are a little harder to cast,
                  | but a little more powerful. [Xom's mischief]
 24910 | Spider:2 | Lost mutation: Your body often deteriorates upon taking
                  | damage. [Xom's mischief]
 24910 | Spider:2 | Gained mutation: Your body often deteriorates upon taking
                  | damage. [Xom's mischief]
 25187 | Spider:1 | XOM: enchant monster (good)
 25347 | Elf:1    | Entered Level 1 of the Elven Halls
 25410 | Elf:1    | Reached XP level 16. HP: 87/93 MP: 28/36
 25418 | Elf:1    | Learned a level 4 spell: Sticky Flame
 25518 | Elf:1    | XOM: scenery: 1 doors close
 25642 | Elf:1    | Learned a level 7 spell: Orb of Destruction
 25907 | Elf:1    | XOM: enchant monster (good)
 26076 | Elf:1    | XOM: cloud trail
 26473 | Elf:2    | Found Ziebenk's Jewellery Boutique.
 26494 | Elf:2    | XOM: 1-stop teleportation journey
 26505 | Elf:2    | XOM: cleaving
 26505 | Elf:2    | XOM: smoke on damage
 26569 | Elf:2    | XOM: give mutations
 26569 | Elf:2    | Gained mutation: You sometimes lose your temper in combat.
                  | [Xom's mischief]
 26569 | Elf:2    | Lost mutation: Your natural rate of healing is unusually
                  | fast. [Xom's mischief]
 26585 | Elf:2    | XOM: confuse monster(s)
 26588 | Elf:2    | XOM: polymorph deep elf knight -> faun
 26860 | Elf:2    | Paralysed by an air elemental for 1 turns
 26864 | Elf:2    | Paralysed by an air elemental for 1 turns
 26914 | Elf:2    | XOM: give mutations
 26914 | Elf:2    | Gained mutation: You are frail. (-10% HP) [Xom's mischief]
 26914 | Elf:2    | Lost mutation: You have a pair of small horns on your head.
                  | [Xom's mischief]
 26986 | Elf:2    | Bought a ring of poison resistance for 360 gold pieces
 27003 | Elf:2    | Found a huge runed translucent gate.
 27003 | Elf:2    | Found a huge runed translucent gate.
 27009 | Elf:2    | Found a huge runed translucent gate.
 27010 | Elf:2    | Found a huge runed translucent gate.
 27011 | Elf:2    | Found a huge runed translucent gate.
 27248 | Elf:2    | XOM: give mutations
 27248 | Elf:2    | Gained mutation: You are somewhat resistant to further
                  | mutation. [Xom's grace]
 27248 | Elf:2    | Lost mutation: You are frail. (-10% HP) [Xom's grace]
 27248 | Elf:2    | Gained mutation: You expend magic power (3 MP) to
                  | strengthen your wands. [Xom's grace]
 27376 | Elf:3    | Entered Level 3 of the Elven Halls
 27628 | Elf:3    | XOM: scenery: 1 doors close
 27704 | Elf:3    | XOM: divination: magic mapping
 27712 | Elf:3    | XOM: summons 14 friendly demons
 27716 | Elf:3    | Lost strength.
 27718 | Elf:3    | HP: 4/93 [water elemental (14)]
 27719 | Elf:3    | Drowned by a water elemental

Illustrated notes

Levels and vault maps discovered:
D:1:      ncdulo_watergridlock, layout_loops_ring, nicolae_eternal_life,
          hangedman_decor_points
D:2:      layout_basic, shapermc_ecumenical_altar_mp_urbaneastern
D:3:      layout_loops_ring, nicolae_overflow_squiral, minivault_24,
          kennysheep_generic_room_8
D:4:      layout_loops_corners, serial_co_window_serial,
          co_window_of_opportunity_a, co_window_of_opportunity_a,
          co_window_corner_a, co_window_paths_a, co_window_paths_b,
          co_window_corner_a, co_window_paths_b, co_window_broadway_b,
          co_window_2corner, co_window_broadway_b, co_window_corner_ca,
          co_window_paths_e, co_window_4corner_b, glass_columns_b,
          glass_columns_a, glass_columns_c, guppyfry_early_orc_mine
D:5:      dreamdust_elfheim, layout_cave_pools, minmay_temple_entry_overgrown,
          serial_gnoll_camp, gnoll_camp_medium_01, gnoll_camp_mini_doghouse,
          gnoll_camp_huts_basic, gnoll_camp_mini_hut, gnoll_camp_mini_hut
D:6:      layout_basic, mainiacjoe_overflow_paths, serial_shops, shop,
          minmay_fire_ice_demons
D:7:      layout_loops_ring, serial_shops, nicolae_shop_waterfront, shop, shop,
          serial_bayou, serial_bayou_shore_a, serial_bayou_lagoon_a,
          serial_bayou_pond_e, serial_bayou_pond_b, kennysheep_doodads
D:8:      layout_basic
D:9:      argonaut_augean_stables, layout_cave_pools, erik_orc_2
D:10:     layout_basic, hellmonk_lair_entry_icy, bh_circular_ruins
D:11:     layout_roguey, fedhas_altar_1, uniq_fannar
D:12:     layout_long_grid, serial_co_window_serial, co_window_of_opportunity_a,
          co_window_corner_a, co_window_corner_a, co_window_paths_b,
          co_window_paths_b, co_window_corner_a, co_window_corner_a,
          co_window_corner_b, co_window_broadway_b, co_window_broadway_a,
          glass_columns_b, glass_columns_c, glass_columns_b, glass_columns_b,
          glass_columns_b, portal_ice_cave_entry_ice_simulacra, minivault_25_ag,
          minmay_misc_feat_cross, serial_park_tiny_2, uniq_kirke
D:13:     layout_irregular_city, drop_trap
D:14:     layout_long_grid, david_vaults_2, serial_undead, serial_undead_f,
          serial_undead_b, serial_undead_f, serial_undead_f, serial_undead_c,
          serial_undead_d, serial_undead_d, drop_trap, uniq_snorg, uniq_louise,
          uniq_frances
D:15:     grunt_enter_depths_hoard, layout_rooms
Temple:   nicolae_temple_bog_church
Lair:1:   lemuel_slime, layout_loops_ring
Lair:2:   layout_regular_city, skrybe_swamp_entry_bodies, dummy_spider_entry,
          basic_altar, hibernation_bobbens, infiniplex_staircase_pool,
          lemuel_fruit_fields
Lair:3:   nzn_winding_woodlands_cross [nzn_winding_woodlands_5x15_zeroes,
          nzn_winding_woodlands_5x15_garden, nzn_winding_woodlands_5x15_default,
          nzn_winding_woodlands_5x15_eye, nzn_winding_woodlands_15x15_killbox],
          layout_loops_ring
Lair:4:   layout_layer_cave
Lair:5:   hangedman_lair_caniforms_friends, layout_cave_shapes,
          hangedman_lair_tendril_chambers, slime_entry_1
Spider:1: gammafunk_sealed_arena, uniq_asterion
Spider:2: layout_spider_delve, hive_lemuel
Orc:1:    layout_caves, uniq_maurice
Orc:2:    st_orc_mages, layout_caves, gammafunk_ghost_wrathful_warriors,
          uniq_urug
Elf:1:    layout_onion_city, evilmike_minifort
Elf:2:    elven_hall_of_blades_hangedman_alternative
          [nicolae_blade_entry_diamond_columns], layout_loops_cross,
          serial_shops, nicolae_shop_waterfront, columned_hall_lemuel,
          uniq_nikola
Elf:3:    minmay_elf_hall_four_x, layout_onion_city,
          nicolae_elf_big_sculpture_3, uniq_donald

Skill      XL: |  1  2  3  4  5  6  7  8  9 10 11 12 13 14 15 16 |
---------------+-------------------------------------------------+-----
Stealth        | 2 4 7 |  7.6
Short Blades   | 4 5 6 8 10 11 | 11.4
Dodging        | 5 6 9 11 12 14 17 | 17.0
Evocations     | 2 3 4 6 8 |  8.0
Spellcasting   | 7 10 12 14 | 14.0
Ice Magic      | 4 6 |  6.0
Conjurations   | 4 6 11 12 14 | 14.8
Hexes          | 5 |  5.9
Poison Magic   | 2 6 8 |  8.4
Fighting       | 4 8 |  8.0
Armour         | 1 2 |  2.3
Shields        | 3 |  3.5

Action                   |  1- 3 |  4- 6 |  7- 9 | 10-12 | 13-15 | 16-18 || total
-------------------------+-------+-------+-------+-------+-------+-------++-------
Melee: Short sword       |   147 |   113 |   295 |   376 |  1380 |   107 ||  2418
       Punch             |     1 |     1 |     4 |    13 |    24 |       ||    43
       Kick              |       |    22 |    84 |   122 |       |       ||   228
       Headbutt          |       |       |       |    82 |   399 |    16 ||   497
Throw: Stone             |     4 |     5 |       |       |       |       ||     9
       Dart              |       |     9 |       |       |     1 |       ||    10
 Cast: Frozen Ramparts   |       |       |     8 |    29 |    42 |     3 ||    82
       Olgreb's Toxic Ra |       |       |       |    84 |   189 |    23 ||   296
       Mephitic Cloud    |       |       |       |     7 |    24 |    10 ||    41
       Fulminant Prism   |       |       |       |    10 |    19 |       ||    29
       Orb of Destructio |       |       |       |       |       |    15 ||    15
       Sticky Flame      |       |       |       |       |       |     4 ||     4
Evoke: Wand              |       |       |    18 |    10 |    22 |     1 ||    51
  Use: Potion            |     2 |       |     6 |     6 |     8 |     1 ||    23
       Scroll            |       |       |     9 |    12 |    19 |     2 ||    42
 Stab: Sleeping          |     8 |     8 |     8 |     3 |    10 |     1 ||    38
       Confused          |     2 |       |       |     2 |    16 |     3 ||    23
       Petrifying        |     1 |       |       |     1 |       |       ||     2
       Petrified         |       |       |     2 |       |       |       ||     2
       Distracted        |       |       |     1 |     2 |     6 |       ||     9
       Invisible         |       |       |     1 |     2 |     5 |       ||     8
       Paralysed         |       |       |       |       |       |     1 ||     1
Armor: Leather armour    |    48 |    16 |    75 |     1 |       |       ||   140
       Robe              |       |       |       |    50 |   127 |       ||   177
       Troll leather arm |       |       |       |       |   160 |    35 ||   195
Dodge: Dodged            |    55 |    44 |   149 |   208 |   991 |    44 ||  1491
Block: Buckler           |       |       |       |       |    43 |    18 ||    61
       Reflection        |       |       |       |       |     1 |       ||     1

Table legend: (Time is in decaauts)
 A = Elapsed time spent in this place.
 B = Non-inter-level travel time spent in this place.
 C = Inter-level travel time spent in this place.
 D = Time resting spent in this place.
 E = Time spent auto-exploring this place.
 F = Levels seen in this place.
 G = Mean time per level.
                   A        B        C        D        E       F      G
               +--------+--------+--------+--------+--------+-----+--------+
         Total |  26729 |  25137 |   1592 |   2323 |  15185 |  29 |  921.7 |
       Dungeon |  16142 |  15134 |   1008 |   1541 |   8981 |  15 | 1076.1 |
        Temple |    212 |    212 |      0 |      0 |    156 |   1 |  212.0 |
          Lair |   5692 |   5280 |    412 |    277 |   3636 |   5 | 1138.4 |
   Spider Nest |    376 |    376 |      0 |     91 |     87 |   2 |  188.0 |
  Orcish Mines |   1393 |   1286 |    107 |     28 |    711 |   2 |  696.5 |
   Elven Halls |   2344 |   2281 |     63 |    347 |   1435 |   3 |  781.3 |
      Ice Cave |    568 |    568 |      0 |     39 |    178 |   1 |  568.0 |
               +--------+--------+--------+--------+--------+-----+--------+

Top non-repeatable levels by time:
  Lair:5: 1443 daAuts
     D:2: 1413 daAuts
    D:13: 1320 daAuts
     D:6: 1316 daAuts
     D:9: 1270 daAuts
     D:4: 1252 daAuts
  Lair:4: 1230 daAuts
    D:12: 1217 daAuts
     D:5: 1188 daAuts
  Lair:2: 1175 daAuts
     D:7: 1161 daAuts
    D:14: 1101 daAuts
     D:3: 1080 daAuts
    D:10: 1065 daAuts
   Elf:2: 1005 daAuts
